 Dungeon Crawl Stone Soup version 0.30-a0-600-gb7c8574cbb (webtiles) character file.

Game seed: 11506879900069135651

56 M4edhros the Trooper (level 3, 0/26 HPs)
             Began as an Octopode Fighter on Jan 7, 2023.
             Slain by an orc
             ... wielding a +0 flail
              (2 damage)
             ... on level 3 of the Dungeon.
             The game lasted 00:01:07 (1339 turns).

M4edhros the Trooper (Octopode Fighter)             Turns: 1339, Time: 00:01:07

Health: 0/26       AC:  1    Str: 15    XL:     3   Next: 95%
Magic:  3/3        EV: 13    Int: 10    God:
Gold:   121        SH:  5    Dex: 13    Spells: 2/2 levels left

rFire   . . .      SeeInvis .    a - +0 trident
rCold   . . .      Faith    .    b - +0 buckler
rNeg    + . .      Spirit   .    (helmet restricted)
rPois   .          Reflect  .    (no amulet)
rElec   .          Harm     .    p - ring of positive energy
rCorr   .          Rampage  .    (no ring)
Will    .....                    (no ring)
Stlth   ++                       (no ring)
HPRegen 0.24/turn                (no ring)
MPRegen 0.08/turn                (no ring)
                                 (no ring)
                                 (no ring)

@: no status effects
A: almost no armour, amphibious, 8 rings, camouflage 1, gelatinous body 1,
(nimble swimmer 1), tentacles
a: no special abilities


You were on level 3 of the Dungeon.
You visited 1 branch of the dungeon, and saw 3 of its levels.

You collected 121 gold pieces.

Inventory:

Hand Weapons
 a - a +0 trident (weapon)
Armour
 b - a +0 buckler (worn)
Jewellery
 p - a ring of positive energy (left tentacle)
Wands
 n - a wand of quicksilver (6)
Scrolls
 e - a scroll of teleportation {unknown}
 f - 3 scrolls of identify {unknown}
 h - 2 scrolls of noise {unknown}
 k - a scroll of magic mapping {unknown}
 m - a scroll of acquirement {unknown}
 o - a scroll of fog {unknown}
 q - a scroll of enchant armour {unknown}
Potions
 c - a potion of might
 d - a potion of attraction {unknown}
 g - a potion of magic
 i - 2 potions of lignification {unknown}
 j - 2 potions of haste {unknown}
 l - a potion of degeneration {unknown}


   Skills:
 + Level 3.4 Fighting
 + Level 2.7 Polearms
 + Level 3.4 Dodging
 + Level 3.4 Shields


You had 2 spell levels left.
You didn't know any spells.
Your spell library was empty.

Dungeon Overview and Level Annotations

Branches:
Dungeon (3/15)

Altars:

Shops:
D:1 !=*?


Innate Abilities, Weirdness & Mutations

You cannot wear most types of armour.
You are amphibious.
You can wear up to eight rings at the same time.
Your skin changes colour to match your surroundings (Stealth+).
Your rubbery body absorbs attacks. (AC +1, EV +1)
((You are camouflaged when in or above water. (Stealth+)))
You have tentacles for arms and can constrict up to eight enemies at once.


Message History

The endoplasm hits you. The endoplasm freezes you.
You are frozen.
An endoplasm is nearby!
You hit the endoplasm. You squeeze the endoplasm.
You kill the endoplasm!
HP restored.
Found 5 stones.
No target in view!
No target in view!
No target in view!
q - a scroll labelled WAXTEINGUL No target in view!
An orc comes into view. It is wielding a +0 club.
An orc comes into view. It is wielding a +0 hand axe.
There are monsters nearby!
There are monsters nearby!
An orc comes into view. It is wielding a +0 flail.
There are monsters nearby!
There are monsters nearby!
Found a short sword.
The orc shouts! x2
An orc comes into view. It is wielding a +0 hand axe.
You barely miss the orc.
The orc shouts!
You grab the orc.
You constrict the orc, but do no damage.
The orc barely misses you. The orc hits you with a +0 hand axe.
The orc struggles to escape constriction.
The orc hits you with a +0 flail!
You hit the orc but do no damage. You constrict the orc.
The orc hits you with a +0 flail!
* * * LOW HITPOINT WARNING * * *
The orc hits you with a +0 hand axe.
* * * LOW HITPOINT WARNING * * *
The orc closely misses you.
You are too injured to fight recklessly!
It was a potion of magic.
Magic courses through your body.
You constrict the orc. The orc hits you with a +0 flail.
You die... #......## ....... ..)...# ..... #...# #.o.# #ooo#

#.@.#
#...#
#...#
.#####(..#
.........#
.....##..#
#.##. #..#
# .
#..#######
..
#........#


You could see 4 orcs.

Vanquished Creatures
  2 adders (D:2)
  A worm (D:2)
  3 ball pythons
  3 bats
  2 endoplasms (D:3)
  4 giant cockroaches
  3 goblins
  3 hobgoblins
  6 kobolds
  A quokka (D:2)
  A frilled lizard (D:2)
  2 rats (D:1)
31 creatures vanquished.

Notes
Turn   | Place    | Note
-------+----------+-------------------------------------------
     0 | D:1      | M4edhros the Octopode Fighter began the quest for the Orb.
     0 | D:1      | Reached XP level 1. HP: 16/16 MP: 1/1
    25 | D:1      | Found Tiedd's Jewellery Emporium.
    95 | D:1      | Found Yjeblag's Distillery.
   152 | D:1      | Found Pouna's General Store.
   208 | D:1      | Reached XP level 2. HP: 21/21 MP: 2/2
   248 | D:1      | Found Daatiq's Magic Scroll Shop.
   788 | D:2      | Reached XP level 3. HP: 26/26 MP: 3/3
  1339 | D:3      | Slain by an orc

Illustrated notes

Levels and vault maps discovered:
D:1:      lemuel_arrival_broad_hall, layout_basic, serial_shops, shop,
          shop_scrolls, shop, nicolae_square_shop
D:2:      layout_loops_ring, hangedman_decor_peaks_small, grunt_ministairs_7
D:3:      layout_loops_ring, mainiacjoe_overflow_small_starburst,
          grunt_temple_overflow_diamond, minmay_misc_feat_chi

Action                   || total
-------------------------++-------
Melee: Trident           ||    53
       Constrict         ||    17
       Tentacles         ||    15
  Use: Potion            ||     1
 Stab: Sleeping          ||     5
Armor: Skin              ||     1
Dodge: Dodged            ||    18
Block: Buckler           ||     6

Table legend: (Time is in decaauts)
 A = Elapsed time spent in this place.
 B = Non-inter-level travel time spent in this place.
 C = Inter-level travel time spent in this place.
 D = Time resting spent in this place.
 E = Time spent auto-exploring this place.
 F = Levels seen in this place.
 G = Mean time per level.
                   A        B        C        D        E       F      G
               +--------+--------+--------+--------+--------+-----+--------+
         Total |   1350 |   1317 |     33 |      0 |   1088 |   3 |  450.0 |
       Dungeon |   1350 |   1317 |     33 |      0 |   1088 |   3 |  450.0 |
               +--------+--------+--------+--------+--------+-----+--------+

Top non-repeatable levels by time:
     D:1: 670 daAuts
     D:2: 499 daAuts
     D:3: 179 daAuts
